Map: Arctic Dream LE

Players

DonWurmillo

  • Race: Protoss Protoss
  • League: Diamond
  • Spawn Location: 12:00

Pferdle

  • Race: Terran Terran
  • League: Master
  • Spawn Location: 11:00

Massa - Winner!

  • Race: Terran Terran
  • League: Platinum
  • Spawn Location: 5:00

qqq - Winner!

  • Race: Zerg Zerg
  • League: Platinum
  • Spawn Location: 6:00

VOD

Have the link to the VOD?

Description

Time

  • Played on: Jan. 22, 2021, 12:38 p.m.
  • Length: 5:06
Show
View Real Time Build Order
Export as new Build Order

DonWurmillo Protoss 

Build Orders: 1 Gate Expand 

Get SALT Encoding   

  12  0:00  Probe  
  13  0:12  Probe  
  14  0:19  Pylon  
  14  0:24  Probe  
  15  0:37  Probe (Chrono Boost)  
  15  0:39  Gateway  
  16  0:49  Probe (Chrono Boost)  
  17  0:54  Probe (Chrono Boost)  
  18  0:57  Assimilator  
  18  1:06  Probe  
  19  1:19  Probe  
  20  1:31  Nexus  
  19  1:33  Probe  
  20  1:44  Cybernetics Core  
  20  1:45  Probe  
  21  1:52  Assimilator  
  21  1:58  Probe  
  22  2:04  Pylon  
  22  2:10  Probe  
  23  2:21  Adept (Chrono Boost)  
  23  2:22  Probe (Chrono Boost)  
  24  2:24  Warp Gate  
  24  2:29  Gateway  
  26  2:34  Probe (Chrono Boost)  
  27  2:42  Probe (Chrono Boost)  
  27  2:43  Stalker  
  30  2:48  Probe  
  30  2:51  Robotics Facility  
  31  2:56  Probe (Chrono Boost)  
  32  3:04  Gateway  
  33  3:09  Probe x2 (Chrono Boost)  
  34  3:18  Pylon, Stalker  
  36  3:21  Sentry  
  38  3:33  Probe x2 (Chrono Boost)  
  40  3:38  Observer  
  41  3:42  Probe (Chrono Boost)  
  41  3:45  Probe (Chrono Boost)  
  43  3:50  Probe (Chrono Boost), Robotics Bay  
  43  3:54  Probe (Chrono Boost)  
  45  4:02  Probe (Chrono Boost)  
  47  4:03  Probe (Chrono Boost)  
  47  4:08  Probe  
  48  4:11  Probe  
  48  4:15  Stalker x2  
  45  4:23  Probe  
  40  4:32  Zealot  
  34  4:43  Zealot  
Show
View Real Time Build Order
Export as new Build Order

Pferdle Terran 

Build Orders: Reaper Expand 

Get SALT Encoding   

  12  0:00  SCV  
  13  0:12  SCV  
  14  0:17  Supply Depot  
  14  0:25  SCV  
  15  0:38  SCV  
  15  0:40  Barracks  
  16  0:46  Refinery  
  16  0:50  SCV  
  17  1:03  SCV  
  18  1:15  SCV  
  19  1:34  Reaper  
  19  1:35  Command Center  
  20  1:43  Orbital Command  
  20  1:51  Supply Depot  
  20  2:16  Barracks Reactor  
  20  2:20  SCV  
  21  2:25  Factory  
  21  2:33  SCV  
  22  2:37  Command Center  
  22  2:45  SCV  
  23  2:57  SCV x2  
  25  3:03  Barracks Tech Lab  
  25  3:09  SCV, Barracks  
  25  3:12  Starport  
  26  3:18  Hellion  
  26  3:19  Hellion  
  30  3:24  SCV  
  31  3:34  Orbital Command  
  31  3:36  SCV  
  31  3:40  Refinery  
  32  3:45  Hellion  
  34  3:49  Hellion  
  34  3:54  SCV  
  37  3:56  SCV  
  37  3:57  Starport Reactor  
  38  4:03  Bunker  
  38  4:06  Supply Depot  
  38  4:12  Marine  
  39  4:18  Hellion x2  
  41  4:25  SCV  
  41  4:29  Orbital Command  
  42  4:36  Marine x2  
Show
View Real Time Build Order
Export as new Build Order

Massa Terran - Winner!

Build Orders:  

Get SALT Encoding   

  12  0:00  SCV  
  13  0:12  SCV  
  14  0:17  Supply Depot  
  14  0:24  SCV  
  15  0:39  SCV  
  15  0:40  Barracks  
  16  0:51  SCV  
  16  0:53  Refinery  
  16  0:55  Refinery  
  17  1:03  SCV  
  18  1:15  SCV  
  18  1:17  Supply Depot  
  19  1:27  SCV  
  19  1:31  Barracks  
  20  1:39  Barracks Tech Lab  
  21  1:43  Orbital Command  
  20  1:58  Marauder  
  20  2:00  Concussive Shells  
  22  2:09  Supply Depot  
  22  2:12  SCV  
  23  2:20  Barracks Tech Lab, Marauder  
  25  2:38  Marauder  
  25  2:41  Marauder  
  29  2:48  Stimpack  
  29  2:53  Supply Depot  
  29  2:59  Marauder  
  31  3:07  Marauder  
  33  3:21  Marauder  
  35  3:28  Marauder  
  37  3:40  Command Center  
  37  3:43  Marauder  
  39  3:49  Marauder  
  41  4:04  Marauder  
  43  4:22  Marauder  
  45  4:25  Marauder  
Show
View Real Time Build Order
Export as new Build Order

qqq Zerg - Winner!

Build Orders: Hatch First 

Get SALT Encoding   

  12  0:01  Drone  
  13  0:08  Drone  
  14  0:25  Overlord  
  14  0:44  Hatchery  
  14  0:47  Drone  
  14  0:50  Drone  
  14  0:55  Drone  
  16  1:12  Spawning Pool  
  16  1:16  Extractor  
  16  1:17  Drone  
  15  1:29  Drone  
  15  1:30  Drone  
  17  1:36  Drone  
  18  1:53  Drone x2  
  20  1:59  Drone  
  20  2:00  Queen  
  23  2:11  Drone  
  23  2:13  Drone  
  24  2:16  Queen  
  26  2:23  Metabolic Boost  
  26  2:28  Zergling x2  
  27  2:31  Overlord  
  27  2:35  Drone  
  28  2:41  Overlord  
  27  2:52  Drone  
  27  2:54  Drone, Zergling x2  
  27  2:55  Zergling x2  
  27  2:58  Zergling x2  
  32  3:09  Zergling x4  
  34  3:15  Zergling x6  
  34  3:16  Overlord  
  37  3:21  Zergling x2  
  38  3:30  Zergling x6  
  41  3:34  Zergling x2  
  41  3:35  Zergling x2  
  43  3:42  Zergling x2  
  43  3:43  Overlord  
  43  3:48  Zergling x4  
  46  3:49  Zergling x2  
  47  3:58  Zergling x2  
  47  3:59  Zergling x2  
  48  4:14  Zergling x8  
  48  4:15  Zergling x8  
  53  4:24  Zergling x2  
  53  4:25  Zergling x2  
  55  4:40  Zergling x2  
  55  4:41  Zergling x2  
Tags
 
Add a new tag
Caveats
  • Supply blocks, unpowered buildings, or Contaminate may cause inaccurate times.
  • Supply counts are checked every 10 seconds.